 Dungeon Crawl Stone Soup version 0.22.1-1-ga44c0e5 (webtiles) character file.

312 Folque the Slinger (level 6, -8/42 HPs)
             Began as a Halfling Hunter on Sept 22, 2018.
             Killed from afar by Ijyb (19 damage)
             ... with a wand of acid (7)
             ... on level 3 of the Dungeon.
             The game lasted 00:10:40 (3053 turns).

Folque the Slinger (Halfling Hunter)                Turns: 3053, Time: 00:10:41

Health: -8/42      AC:  0    Str: 13    XL:     6   Next: 71%
Magic:  6/6        EV: 15    Int:  9    God:
Gold:   124        SH:  0    Dex: 17    Spells: 5/5 levels left

rFire    . . .     SeeInvis .   b - +0 short sword
rCold    . . .     Gourm    .   (shield restricted)
rNeg     . . .     Faith    .   c - +0 leather armour
rPois    .         Spirit   .   (no helmet)
rElec    .         Reflect  .   (no cloak)
rCorr    .         Harm     .   (no gloves)
MR       .....                  (no boots)
Stlth    +++.......             (no amulet)
HPRegen  0.14/turn              (no ring)
MPRegen  0.10/turn              (no ring)

@: corroded
A: small, mutation resistance 1
a: no special abilities


You were on level 3 of the Dungeon.
You were not hungry.

You visited 1 branch of the dungeon, and saw 3 of its levels.

You collected 124 gold pieces.

Inventory:

Hand Weapons
 a - a +1 hunting sling
 b - a +0 short sword (weapon)
 h - a cursed -2 short sword
Missiles
 d - 10 sling bullets
 g - 46 stones (quivered)
Armour
 c - a +0 leather armour (worn)
Scrolls
 j - 3 scrolls of remove curse {unknown}
 l - 5 scrolls of teleportation {unknown}
 m - a scroll of random uselessness {unknown}
 n - 3 scrolls of identify {unknown}
 o - 3 scrolls of magic mapping {unknown}
 p - a scroll of immolation {unknown}
 s - a scroll of fog {unknown}
 v - a scroll of amnesia {unknown}
Potions
 e - a potion of ambrosia {unknown}
 i - 2 potions of agility {unknown}
 k - a potion of degeneration {unknown}
 q - a potion of lignification {unknown}
 u - 2 potions of brilliance {unknown}
Comestibles
 f - 5 rations
 t - 5 chunks of flesh


   Skills:
 - Level 3.0 Fighting
 * Level 1.3 Short Blades
 + Level 8.2 Slings
 + Level 1.0 Armour
 - Level 2.3 Dodging
 - Level 4.0 Stealth


You had 5 spell levels left.
You didn't know any spells.
Your spell library was empty.

Dungeon Overview and Level Annotations

Branches:
Dungeon (3/15)

Altars:
Fedhas
The Shining One

Annotations:
D:3 Ijyb


Innate Abilities, Weirdness & Mutations

You are small and have problems with some larger weapons.
You are somewhat resistant to further mutation.


Message History

Ijyb is moderately wounded.
Ijyb misses you.
You hit Ijyb but do no damage.
Ijyb is moderately wounded.
Ijyb misses you.
You barely miss Ijyb.
Ijyb is moderately wounded.
Ijyb zaps a wand.
The bolt of acid misses you.
It is a wand of acid (8).
You hit Ijyb.
Ijyb is heavily wounded.
Ijyb hits you but does no damage.
You closely miss Ijyb.
Ijyb is heavily wounded.
Ijyb zaps a wand.
The bolt of acid hits you!
Ouch! That really hurt!
* * * LOW HITPOINT WARNING * * *
The acid corrodes you!
You are splashed with acid!
The acid burns!
* * * LOW HITPOINT WARNING * * *
You feel better.
Ijyb zaps a wand.
The bolt of acid hits you!
You die...

#..#####)#.......####
##........#.#####....#
...######## ##....#
.(.# #.....# ##.#
#.##.## ##.## #.# .#
##... #.# .# ..... #.#
# .##### #@# )###
.......g...# ...#
#######.#### ...####
#.# ....... #.# ...###
#.# ...# #.# .### #.#
.#


You could see Ijyb.

Vanquished Creatures
  Sigmund (D:2)
  Terence (D:2)
  A worker ant (D:3)
  A hound zombie (D:3)
  4 adders
  2 worms
  3 dart slugs
  A leopard gecko (D:1)
  6 bats
  4 giant cockroaches (D:2)
  5 goblins
  8 hobgoblins
  2 jackals (D:1)
  A quokka (D:3)
  6 frilled lizards
  5 kobolds
  4 rats
55 creatures vanquished.

Notes
Turn   | Place    | Note
-------+----------+-------------------------------------------
     0 | D:1      | Folque the Halfling Hunter began the quest for the Orb.
     0 | D:1      | Reached XP level 1. HP: 14/14 MP: 1/1
    54 | D:1      | Reached skill level 6 in Slings
   493 | D:1      | Reached XP level 2. HP: 19/19 MP: 2/2
   962 | D:1      | Reached XP level 3. HP: 24/24 MP: 3/3
  1032 | D:2      | Noticed Sigmund
  1448 | D:2      | Reached XP level 4. HP: 29/29 MP: 4/4
  1486 | D:2      | Reached skill level 7 in Slings
  1547 | D:2      | Noticed Terence
  1566 | D:2      | Killed Terence
  1587 | D:2      | Killed Sigmund
  1587 | D:2      | Reached skill level 8 in Slings
  1587 | D:2      | Reached XP level 5. HP: 2/35 MP: 5/5
  1587 | D:2      | Reached XP level 6. HP: 3/41 MP: 6/6
  1995 | D:2      | Found a blossoming altar of Fedhas.
  1998 | D:2      | Found a glowing golden altar of the Shining One.
  2706 | D:3      | Reached skill level 1 in Short Blades
  2919 | D:3      | Reached skill level 1 in Armour
  3036 | D:3      | Noticed Ijyb
  3052 | D:3      | HP: 2/42 [acid (10)]
  3053 | D:3      | Killed from afar by Ijyb

Skill      XL: |  1  2  3  4  5  6 |
---------------+-------------------+-----
Slings         | 6 8 |  8.2
Fighting       | 2 3 |  3.0
Stealth        | 3 4 |  4.0
Short Blades   | 1 |  1.3
Armour         | 1 |  1.0
Dodging        | |  2.3

Action                   |  1- 3 |  4- 6 || total
-------------------------+-------+-------++-------
Melee: Short sword       |    63 |   141 ||   204
 Fire: Hunting sling     |    17 |    36 ||    53
Throw: Throwing net      |       |     1 ||     1
  Use: Potion            |     1 |     1 ||     2
 Stab: Sleeping          |       |     6 ||     6
       Held in net/web   |       |     1 ||     1
  Eat: Chunk             |     1 |     6 ||     7
Armor: Leather armour    |    10 |    33 ||    43
Dodge: Dodged            |    49 |   110 ||   159
